 Dungeon Crawl Stone Soup version 0.18.1-5-g4a78601 (webtiles) character file.

623193 nubinia the Sorcerer (level 27, -46/140 HPs)
             Began as a Gargoyle Earth Elementalist on May 8, 2016.
             Was the Champion of Sif Muna.
             Blown up by an ancient lich (81 damage)
             ... with an orb of destruction
             ... on level 5 of the Realm of Zot on May 12, 2016.
             The game lasted 16:13:17 (89744 turns).

nubinia the Sorcerer (Gargoyle Earth Elementalist) Turns: 89744, Time: 16:13:18

Health: -46/140    AC: 59    Str: 11    XL:     27
Magic:  13/57      EV: 14    Int: 20    God:    Sif Muna [******]
Gold:   4980       SH: 12    Dex: 21    Spells: 20 memorised, 5 levels left

rFire  + . .     SeeInvis +     a - +8 mace (protect)
rCold  + . .     Gourm    .     G - +5 ring mail {MR+}
rNeg   + . .     Faith    .     Z - +3 buckler {rC+ rF+}
rPois  ∞         Spirit   .     m - +2 helmet {SInv}
rElec  +         Dismiss  .     t - +2 cloak {MR+}
rCorr  .         Reflect  .     E - +2 pair of gloves
SustAt .         Harm     .     N - +2 pair of boots
MR     +++++                    j - amulet of magic regeneration
Stlth  +++++.....               l - ring "Kyazuket" {Fragile +Blink MP+9 Dex+3 SInv}
                                n - +5 ring of protection

@: flying, almost entirely resistant to hostile enchantments, quite stealthy
A: big wings, claws 1, agile 1, blurry vision 2, dopey 1, frail 2, magic
resistance 1, negative energy resistance 1, regeneration 1, robust 1,
electricity resistance, weak 1, unbreathing, petrification resistance, rot
immunity, subdued magic 2, AC +20
a: Stop Flying, Channel Energy, Forget Spell, Renounce Religion, Evoke Blink
}: 3/15 runes: decaying, serpentine, silver


You were on level 5 of the Realm of Zot.
You worshipped Sif Muna.
Sif Muna was exalted by your worship.
You were hungry.

You visited 10 branches of the dungeon, and saw 54 of its levels.
You visited the Abyss 5 times.
You also visited: Labyrinth, Trove, Sewer, Ice Cave and Volcano.

You collected 7243 gold pieces.
You spent 2263 gold pieces at shops.

Inventory:

Hand Weapons
 a - a +8 mace of protection (weapon)
 b - the +1 hand axe "Geathry" {chop, rElec MP+9 Dex+3}
   (You found it on level 3 of the Elven Halls)

   It inflicts extra damage upon your enemies.
   It affects your dexterity (+3).
   It insulates you from electricity.
   It affects your magic capacity (+9).
 i - the +12 blowgun "Giantslayer" {evade, rElec rF+ SInv}
   (You found it on level 12 of the Dungeon)

   It affects your evasion (+5 to EV).
   It protects you from fire.
   It insulates you from electricity.
   It lets you see invisible.
 v - the +4 trident of the Crypt {pierce, rElec MR+ Int+2 Dex+3}
   (You took it off a deep elf elementalist on level 5 of the Vaults)

   It inflicts extra damage upon your enemies.
   It affects your intelligence (+2).
   It affects your dexterity (+3).
   It insulates you from electricity.
   It affects your resistance to hostile enchantments.
Missiles
 X - 20 curare-tipped needles
Armour
 f - a +3 buckler of positive energy
 m - a +2 helmet of see invisible (worn)
 t - a +2 cloak of magic resistance (worn)
 E - a +2 pair of gloves (worn)
 G - a +5 ring mail of magic resistance (worn)
 N - a +2 pair of boots (worn)
 Z - a +3 buckler of resistance (worn)
Jewellery
 e - a +4 ring of evasion
 h - an uncursed ring of protection from fire
 j - an amulet of magic regeneration (around neck)
 l - the ring "Kyazuket" (right hand) {Fragile +Blink MP+9 Dex+3 SInv}
   (You found it in a treasure trove)

   [ring of magical power]

   It affects your dexterity (+3).
   It affects your magic capacity (+9).
   It lets you see invisible.
   It lets you blink.
   It will be destroyed if unequipped.
 n - a +5 ring of protection (left hand)
 C - an uncursed ring of protection from cold
 M - an uncursed ring of protection from fire
 U - an uncursed ring of resist corrosion
 Y - an uncursed ring of wizardry
Wands
 g - a wand of acid (9/15)
 J - a wand of teleportation (2/9)
 L - a wand of digging (6/24)
 R - a wand of lightning (5/15)
 S - a wand of iceblast (13/15)
Scrolls
 o - 10 scrolls of recharging
 q - 8 scrolls of magic mapping
 r - 6 scrolls of fear
 w - 4 scrolls of fog
 x - 10 scrolls of identify
 z - a scroll of enchant armour
 A - 3 scrolls of blinking
 T - 7 scrolls of teleportation
 V - 18 scrolls of remove curse
Potions
 k - 9 potions of cancellation
 B - 6 potions of haste
 D - a potion of heal wounds
 F - 4 potions of invisibility
 H - 6 potions of curing
 I - 11 potions of brilliance
 K - 3 potions of agility
 O - 2 potions of resistance
 P - a potion of magic
Books
 p - the Incunabulum of the Rocks
   (You found it on level 5 of the Abyss)

   Spells                             Type                      Level
   a - Leda's Liquefaction            Hexes/Earth                  4
 Q - the Compendium of Unholy Rituals
   (You found it on level 5 of the Abyss)

   Spells                             Type                      Level
   a - Bolt of Draining               Conjuration/Necromancy       5
 W - the Papyrus of the Creative Oath
   (You found it on level 5 of the Abyss)

   Spells                             Type                      Level
   a - Summon Guardian Golem          Hexes/Summoning              3
Miscellaneous
 s - a fan of gales (inert)
 u - a sack of spiders
 y - a lamp of fire
Comestibles
 c - 7 beef jerkies
 d - 3 chunks of flesh


   Skills:
 + Level 11.7 Fighting
 + Level 12.6 Maces & Flails
 - Level 0.5 Throwing
 + Level 15.4 Armour
 - Level 10.7 Dodging
 + Level 12.5 Stealth
 + Level 14.5 Shields
 + Level 21.6 Spellcasting
 + Level 20.5 Conjurations
 - Level 6.0 Charms
 + Level 9.7 Necromancy
 - Level 1.3 Translocations
 - Level 1.0 Transmutations
 + Level 12.2 Fire Magic
   Level 3.6 Ice Magic
 - Level 1.7 Air Magic
 + Level 20.3 Earth Magic
 + Level 4.2 Poison Magic
 - Level 8.0 Invocations
 + Level 2.8 Evocations


You had 5 spell levels left.
You knew the following spells:

 Your Spells              Type           Power        Failure   Level  Hunger
a - Magic Dart            Conj           ####         0%          1    None
b - Bolt of Draining      Conj/Necr      ######....   1%          5    None
c - Mephitic Cloud        Conj/Pois/Air  #####...     1%          3    None
d - Animate Dead          Necr           N/A          1%          4    None
e - Fireball              Conj/Fire      ######....   1%          5    None
f - Force Lance           Conj/Tloc      #####...     1%          4    None
g - Shroud of Golubria    Chrm/Tloc      ###.......   1%          2    None
h - Delayed Fireball      Conj/Fire      N/A          2%          7    #####..
i - Iskenderun's Battles  Conj/Chrm      #####...     1%          5    None
j - Iskenderun's Mystic   Conj           ######..     0%          4    None
k - Apportation           Tloc           ###.......   1%          1    None
l - Lee's Rapid Deconstr  Erth           ######....   0%          5    None
m - Bolt of Magma         Conj/Fire/Erth ######....   1%          5    None
n - Sticky Flame          Conj/Fire      ######..     0%          4    None
o - Swiftness             Chrm/Air       ###.....     1%          2    None
p - Passwall              Trmt/Erth      #####.....   1%          2    None
q - Control Undead        Necr           #####.....   1%          4    None
r - Repel Missiles        Chrm/Air       ###...       1%          2    None
R - Regeneration          Chrm/Necr      ####......   1%          3    None
S - Animate Skeleton      Necr           N/A          1%          1    None


Dungeon Overview and Level Annotations

Branches:
Dungeon (15/15)            Temple (0/1) D:7            Lair (8/8) D:11
  Swamp (4/4) Lair:3        Snake (4/4) Lair:3        Slime (0/6) Lair:7
    Orc (2/2) D:9             Elf (3/3) Orc:2        Vaults (5/5) D:13
  Crypt (3/3) Vaults:3       Tomb (0/3) Crypt:3      Depths (5/5) D:15
    Zot (5/5) Depths:5

Altars:
Ashenzari
Dithmenos
Elyvilon
Gozag
Makhleb
Okawaru
Pakellas
Qazlal
Sif Muna
Trog
Xom
Yredelemnul
Zin
The Shining One
Beogh

Shops:
D:12 [   D:13 (   D:15 [   Orc:1 *   Orc:2 *}?(*   Elf:2 *   Vaults:2 (
Depths:4 %   Depths:5 *

Portals:
Hell: Depths:1 Depths:2 Depths:3 Depths:4 Depths:5
Abyss: Depths:4
Pandemonium: Orc:2 Depths:3
Ziggurat: Depths:4

Annotations:
D:6 Uberwunderbarhen's ghost, novice OpTm
Lair:8 CcS's ghost, journeyman MiBe
Crypt:1 Jory
Zot:3 IjonTichy1's ghost, legendary SpAr


Innate Abilities, Weirdness & Mutations

You are resistant to torment.
Your stone body is resilient (AC +20).
You are immune to poison.
Your large and strong wings let you fly indefinitely.
You resist negative energy.
You are resistant to electric shocks.
You can survive without breathing.
You are immune to petrification.
You are immune to rotting.
You have sharp fingernails.
You are agile. (Dex +2)
Scrolls take you longer to read.
You are resistant to hostile enchantments.
Your natural rate of healing is unusually fast.
You are robust (+10% HP).
You are weak. (Str -2)
[You are dopey. (Int -2)]
[You are very frail (-20% HP).]
[Your spells are easier to cast, but less powerful.]


Message History

The searing blast hits you! You resist.
The purple draconian breathes dispelling energy at you.
The bolt of dispelling energy misses you.
The red draconian breathes flames at you.
The searing blast misses you.
You hear a distant "Zot"!
The ancient lich conjures an orb of pure magic.
The purple draconian breathes dispelling energy at you.
The bolt of dispelling energy hits you!
Your magical effects are unravelling.
Your magical contamination has completely faded away.
A tentacled monstrosity and an orb of destruction come into view.
Your resistance to elements expires.
The red draconian breathes flames at you.
The searing blast hits you! You resist.
* * * LOW HITPOINT WARNING * * *
There is a stone staircase leading up here.
The orb of destruction hits you!
Ouch! That really hurt!
You die...

+,...* *,****,,,..,,*
**#.#*###+######'####
*##.# #.............#
,,..# #.............#
**#.# #.............#
#*###.............#
#§.d'§.d..........#
#.###.§*§.......8.#
#.#*#..dL§§§§§@...#
#..*#........d....#
**##.*#..........)..#
,,**.####.......)...#
,,+,.# #.....X.....#
,,**.# #......)<...#
*****########)▓▓▓▓▓▓▓
,,,,,........##
,,,,,......d.^##


You could see a tentacled monstrosity, an ancient lich, a purple draconian, 2
draconians and a friendly battlesphere.

Vanquished Creatures
  2 ancient liches
  2 orbs of fire
  Sojobo (Vaults:2)
  Vashnia (Snake:3)
  3 Killer Klowns
  Norris (Vaults:3)
  Nikola (Elf:2)
  5 golden dragons
  A profane servitor (Abyss:5)
  Xtahua (Vaults:4)
  2 bone dragons
  An electric golem (Zot:1)
  7 tentacled monstrosities
  Jorgrun (Swamp:2)
  Rupert (Lair:6)
  4 liches
  3 Orb Guardians (Zot:5)
  Asterion (Snake:3)
  2 quicksilver dragons (Vaults:4)
  2 deep elf master archers (Elf:3)
  3 deep elf blademasters
  2 titans (Vaults:4)
  Frances (Swamp:2)
  2 death cobs (Zot:1)
  8 sphinxes
  7 tentacled starspawn
  Kirke (Snake:3)
  3 ancient champions
  3 draconian monks
  2 thorn hunters
  2 storm dragons
  7 shadow dragons
  A daeva (Depths:2)
  Roxanne (Elf:1)
  Wiglaf (Crypt:3)
  13 greater nagas
  5 fire giants
  6 tengu reavers
  4 revenants
  5 draconian knights
  4 iron dragons (Depths:4)
  9 deep elf sorcerers
  An azure jelly (shapeshifter) (D:15)
  14 vault wardens
  Donald (Vaults:4)
  11 frost giants
  Aizul (Swamp:2)
  2 draconian zealots (Zot:1)
  An orc warlord (Orc:1)
  A draconian scorcher (Zot:1)
  A deep elf elementalist (Vaults:5)
  A ghost moth (Zot:1)
  2 draconian shifters
  4 war gargoyles
  2 draconian annihilators
  18 very ugly things
  4 curse skulls
  18 ironheart preservers
  A ghoul (Crypt:3)
  A draconian caller (Zot:1)
  2 reapers (Crypt:3)
  7 deep elf demonologists
  16 stone giants
  3 green draconians (Zot:1)
  4 vampire knights
  6 black draconians
  A salamander stormcaller (Depths:4)
  10 deep elf annihilators
  7 yellow draconians
  Nessos (Volcano)
  4 white draconians
  3 mottled draconians
  9 purple draconians
  A red draconian (Zot:2)
  A dire elephant (Depths:3)
  A minotaur (Lab)
  4 blizzard demons
  5 eidola
  5 ettins
  7 deep elf death magi
  5 crystal guardians
  7 jiangshi
  2 death oozes (Swamp:4)
  3 green deaths
  29 vault guards
  16 yaktaur captains
  11 ice dragons
  3 fire dragons
  3 rakshasas
  7 great orbs of eyes
  3 deep elf high priests
  A quicksilver dragon skeleton (Crypt:3)
  5 entropy weavers
  19 naga warriors
  A spriggan air mage (Depths:3)
  11 centaur warriors
  A ghost crab (shapeshifter) (Depths:4)
  A hell beast (Swamp:4)
  An anaconda (shapeshifter) (Vaults:5)
  18 hydras
  7 ogre magi
  7 death knights
  32 dancing weapons
  2 ghost crabs
  14 anacondas
  9 alligators
  Erica (D:8)
  7 deep troll shamans
  8 tengu warriors
  5 deep troll earth magi
  5 death yaks
  A storm dragon zombie (Crypt:3)
  5 vampire magi
  3 titan zombies
  8 shock serpents
  3 spriggan berserkers
  6 orc high priests (Orc:2)
  10 thrashing horrors
  25 deep elf knights
  6 hell knights (Crypt:3)
  A fire crab (shapeshifter) (Vaults:2)
  2 iron trolls
  Sonja (D:12)
  A sun demon (Orc:2)
  11 naga sharpshooters
  3 salamander mystics
  A fire crab (Lair:7)
  4 soul eaters
  4 shadow wraiths
  A storm dragon skeleton (Crypt:3)
  14 deep elf archers
  33 deep trolls
  A death drake (Swamp:2)
  A spectral hydra (Swamp:2)
  6 naga ritualists
  A golden dragon zombie (Crypt:3)
  4 spriggan druids
  5 giant orange brains
  5 unseen horrors
  2 deep trolls (shapeshifter)
  An unseen horror (shapeshifter) (Vaults:2)
  A putrid demonspawn (Orc:2)
  33 skeletal warriors
  9 swamp dragons
  4 hill giants
  4 flayed ghosts
  A gelid demonspawn (Orc:2)
  27 ironbrand convokers
  2 wizards
  3 starcursed masses (Abyss:2)
  2 lindwurms (Depths:3)
  12 orc knights
  3 harpies (Vaults:5)
  9 necromancers
  A lindwurm (shapeshifter) (Vaults:2)
  10 orc sorcerers
  9 phantasmal warriors
  81 deep elf magi
  6 wolf spiders
  A salamander (shapeshifter) (Elf:2)
  14 salamanders
  9 griffons
  3 cyclopes
  7 mana vipers
  32 ugly things
  A shadow dragon skeleton (Crypt:3)
  2 worldbinders (Abyss:5)
  2 hornets (Vaults:2)
  3 human zombies
  4 manticores
  A cyclops (shapeshifter) (Vaults:4)
  A sphinx skeleton (Vaults:3)
  4 moths of wrath (Zot:1)
  2 sixfirhies
  3 rust devils (Depths:4)
  Maurice (D:8)
  12 elephants
  14 vault sentinels
  A centaur zombie (D:10)
  A fire giant skeleton (Crypt:3)
  2 ice statues (IceCv)
  36 black mambas
  24 naga magi
  18 spiny frogs
  A torpor snail (shapeshifter) (D:14)
  A gargoyle (D:13)
  3 smoke demons
  2 centaur skeletons
  4 orange demons
  9 guardian serpents
  A yaktaur zombie (Vaults:3)
  2 dire elephant skeletons (Crypt:3)
  65 yaktaurs
  A yaktaur (shapeshifter) (D:15)
  6 komodo dragons
  A kobold demonologist (Vaults:2)
  A demonic crawler (Abyss:4)
  An efreet (Abyss:3)
  11 ice devils
  A rime drake (Lair:7)
  A sea snake zombie (Crypt:2)
  2 rime drakes (shapeshifter)
  16 freezing wraiths
  3 swamp worm zombies (Swamp:2)
  A golden dragon simulacrum (IceCv)
  3 guardian mummies (Crypt:1)
  A green draconian skeleton (Crypt:2)
  3 tengu conjurers
  2 hellwings
  A red draconian skeleton (Crypt:2)
  A red devil (Orc:2)
  10 polar bears
  6 ancient zymes
  A merfolk (shapeshifter) (Vaults:4)
  A queen bee (D:10)
  8 giant leeches
  A moth of wrath zombie (Crypt:2)
  11 trolls
  2 jumping spider zombies
  16 two-headed ogres
  A death drake zombie (Crypt:2)
  Prince Ribbit (D:7)
  Grinder (D:6)
  21 blink frogs
  6 boulder beetles
  31 slime creatures
  A frost giant simulacrum (Vaults:2)
  A shadow dragon simulacrum (Crypt:3)
  5 spectral swamp dragons (Swamp:2)
  An alligator zombie (Swamp:2)
  14 raiju
  A hornet zombie (D:15)
  20 bog bodies
  A minotaur skeleton (Lab)
  46 flying skulls
  10 shadows
  10 redbacks
  2 dire elephant simulacra (IceCv)
  2 air elementals (Elf:1)
  11 spriggans
  A black mamba zombie (Crypt:3)
  13 wraiths
  Sigmund (D:4)
  4 ynoxinuls
  24 yaks
  2 vampires
  A human (D:9)
  5 giant leech zombies (Swamp:2)
  13 large abominations
  5 fire elementals
  A hog (Snake:3)
  6 water elementals
  3 wyverns
  4 basilisks
  10 hippogriffs
  2 golden eyes (Abyss:2)
  A hill giant zombie (D:9)
  3 steam dragons
  35 vampire mosquitoes
  5 neqoxecs
  4 chaos spawn
  A harpy simulacrum (IceCv)
  5 hungry ghosts
  63 nagas
  7 wargs
  22 swamp worms
  23 insubstantial wisps
  A gelid demonspawn zombie (Crypt:1)
  2 spiny frog zombies (Swamp:2)
  5 hydra simulacra (IceCv)
  A monstrous demonspawn skeleton (Crypt:1)
  5 swamp drakes
  13 water moccasins
  5 hell hounds (Lair:8)
  16 porcupines
  47 orc warriors
  3 ice beasts
  An elf zombie (Vaults:3)
  5 necrophages
  4 phantoms
  An ettin simulacrum (IceCv)
  15 black bears
  4 sky beasts
  9 wasps
  A fire dragon simulacrum (Abyss:5)
  An eye of draining (D:12)
  An ice dragon simulacrum (Abyss:4)
  An eye of draining (shapeshifter) (Vaults:3)
  13 wolves
  29 ogres
  27 centaurs
  13 boggarts
  A manticore skeleton (Crypt:3)
  6 small abominations
  3 big kobolds
  20 crocodiles
  3 human skeletons
  18 giant frogs
  An elf skeleton (Crypt:3)
  A gnoll sergeant (D:11)
  6 earth elementals
  2 wyvern skeletons
  18 killer bees
  A scorpion (shapeshifter) (Abyss:4)
  6 scorpions
  5 spriggan zombies (Swamp:2)
  4 troll zombies
  A polar bear skeleton (Crypt:1)
  A shapeshifter zombie (Crypt:1)
  3 electric eels
  3 howler monkeys
  41 wights
  10 crimson imps
  A quasit (D:8)
  2 giant frog skeletons
  23 orc priests
  19 hounds
  2 gnoll shamans
  3 giant frog zombies
  9 jellies
  16 orc wizards
  3 iron imps
  A demonspawn skeleton (Crypt:1)
  10 iguanas
  20 worker ants
  27 sheep
  4 ogre zombies (D:9)
  An ogre skeleton (Lab)
  A hound skeleton (D:5)
  3 mummies (Crypt:1)
  A howler monkey zombie (D:8)
  2 worker ant zombies
  17 gnolls
  A river rat (shapeshifter) (Depths:4)
  17 adders
  7 river rats
  5 shadow imps
  15 white imps
  3 oozes
  2 adder zombies (D:7)
  A halfling zombie (Crypt:1)
  6 adder skeletons
  2 worms (D:3)
  2 dart slugs
  4 giant geckos
  107 orcs
  6 giant cockroaches
  7 goblins
  5 hobgoblins
  16 jackals
  5 quokkas
  16 ball pythons
  8 bats
  A dart slug zombie (Crypt:1)
  A giant cockroach zombie (D:3)
  9 giant newts
  2 goblin skeletons (D:9)
  2 goblin zombies (D:9)
  2 hobgoblin zombies (D:9)
  17 kobolds
  A kobold zombie (Crypt:1)
  2 orc skeletons (D:9)
  11 orc zombies (D:9)
  A quokka skeleton (D:6)
  37 rats
  A river rat skeleton (Crypt:2)
  5 briar patches (Swamp:4)
  2 crawling corpses (Elf:3)
  3 fungi (Lair:6)
  7 lost souls
  A lurking horror (Abyss:4)
  2 plants (Lair:8)
  4 starspawn tentacles
2679 creatures vanquished.

Vanquished Creatures (collateral kills)
  An ancient lich (Zot:4)
  A tentacled monstrosity (Vaults:4)
  3 titans (Vaults:4)
  2 death cobs (Zot:1)
  3 sphinxes
  A tengu reaver (Vaults:2)
  2 fire giants
  3 greater nagas (Snake:4)
  3 frost giants
  A vault warden (Vaults:1)
  A deep elf sorcerer (Elf:3)
  A draconian zealot (Zot:1)
  A deep elf elementalist (Depths:2)
  11 very ugly things
  4 stone giants
  An ironheart preserver (Vaults:3)
  3 green draconians (Zot:1)
  A vampire knight (Depths:3)
  A black draconian (Zot:1)
  A salamander stormcaller (Vaults:4)
  2 yellow draconians
  A dire elephant (Depths:3)
  2 deep elf annihilators
  A mottled draconian (Depths:5)
  An ettin (Depths:2)
  A merfolk javelineer (Depths:3)
  A deep elf death mage (Elf:3)
  4 great orbs of eyes
  4 vault guards (Vaults:4)
  2 fire dragons
  4 yaktaur captains
  7 naga warriors (Snake:4)
  A great orb of eyes (shapeshifter) (Vaults:4)
  3 hydras
  3 ice dragons
  4 centaur warriors
  A catoblepas (Depths:3)
  An anaconda (shapeshifter) (Vaults:4)
  A death knight (Vaults:4)
  A death yak (Depths:3)
  2 ogre magi
  A tengu warrior (D:15)
  2 deep troll shamans
  A spriggan berserker (Depths:2)
  5 naga sharpshooters
  A deep troll earth mage (Depths:2)
  A deep elf knight (Vaults:2)
  2 shock serpents (Snake:3)
  A spriggan (Depths:3)
  3 large abominations (Depths:4)
  A salamander mystic (Snake:4)
  A skeletal warrior (Vaults:2)
  9 deep trolls
  A spriggan druid (Depths:3)
  A deep troll (shapeshifter) (Depths:5)
  2 deep elf archers
  A giant orange brain (Abyss:5)
  A naga ritualist (Snake:4)
  A sea snake (shapeshifter) (Vaults:4)
  A lindwurm (Depths:3)
  3 orc knights
  3 wolf spiders
  A griffon (Vaults:2)
  7 deep elf magi
  4 hornets (Abyss:5)
  11 salamanders
  A cyclops (D:15)
  17 ugly things
  3 guardian serpents
  2 vault sentinels
  2 moths of wrath
  6 black mambas
  A rust devil (Depths:4)
  3 naga magi
  A freezing wraith (Vaults:3)
  A centaur skeleton (D:15)
  23 yaktaurs
  A giant leech (Swamp:2)
  3 slime creatures
  A two-headed ogre (Vaults:2)
  3 boulder beetles
  3 redbacks (Depths:5)
  2 yaks (D:13)
  4 hogs (Snake:3)
  A fire elemental (Elf:3)
  2 vampire mosquitoes
  30 nagas
  A soldier ant (D:12)
  A black bear (D:13)
  7 wasps
  A wasp (shapeshifter) (Vaults:4)
  3 orc warriors
  2 ogres (Vaults:3)
  A boggart (Depths:2)
  8 centaurs
  A manticore skeleton (Crypt:3)
  A giant frog (D:14)
  A small abomination (Depths:4)
  3 wights (D:15)
  An orc wizard (Vaults:1)
  An adder (Snake:3)
  4 orcs
  A ball python (Snake:3)
  A kobold (Vaults:2)
305 creatures vanquished.

Vanquished Creatures (others)
  2 deep elf elementalists
  A stone giant (Depths:1)
  A salamander stormcaller (Vaults:5)
  An alligator (Swamp:2)
  A hell knight (Vaults:5)
  A storm dragon skeleton (Vaults:5)
  2 deep trolls (Depths:1)
  An ironbrand convoker (Vaults:2)
  A phantasmal warrior (Vaults:4)
  2 necromancers
  A hornet (Abyss:5)
  A human zombie (Vaults:5)
  2 deep elf magi (Vaults:5)
  A shining eye (shapeshifter) (Vaults:5)
  A smoke demon (Abyss:5)
  A yaktaur skeleton (Vaults:5)
  A two-headed ogre (Vaults:5)
  A bog body (Swamp:1)
  A ynoxinul (Abyss:4)
  A hog (shapeshifter) (Vaults:5)
  A deep troll zombie (Vaults:5)
  A naga (Depths:5)
  An orc warrior (Vaults:3)
  2 ogres (Vaults:5)
  2 centaurs
  A small abomination (Abyss:4)
  An orc (Vaults:3)
  5 bushes (Depths:3)
  2 fire vortices (Vaults:5)
  19 fungi
  A lost soul (Crypt:3)
  A lurking horror (Abyss:5)
  45 plants
  57 starspawn tentacles
  484 starspawn tentacle segments
  5 withered plants (Swamp:2)
652 creatures vanquished.

Grand Total: 3636 creatures vanquished

Notes
Turn   | Place    | Note
--------------------------------------------------------------
     0 | D:1      | nubinia the Gargoyle Earth Elementalist began the quest for the Orb.
     0 | D:1      | Reached XP level 1. HP: 10/10 MP: 3/3
   342 | D:1      | Reached XP level 2. HP: 12/15 MP: 5/5
  1093 | D:2      | Reached XP level 3. HP: 19/19 MP: 6/6
  1662 | D:2      | Found a white marble altar of Elyvilon.
  1861 | D:3      | Found a shimmering altar of Xom.
  1905 | D:3      | Reached skill level 1 in Fighting
  1978 | D:3      | Reached XP level 4. HP: 19/25 MP: 4/7
  2048 | D:3      | Found a glowing drain.
  2117 | Sewer    | Entered a sewer
  2219 | Sewer    | Reached skill level 1 in Maces & Flails
  2265 | Sewer    | Reached XP level 5. HP: 3/29 MP: 0/8
  2627 | Sewer    | Learned a level 2 spell: Passwall
  2631 | Sewer    | Learned a level 3 spell: Stone Arrow
  2915 | Sewer    | Reached skill level 3 in Spellcasting
  3122 | Sewer    | Reached XP level 6. HP: 35/35 MP: 6/10
  3175 | Sewer    | Reached skill level 5 in Earth Magic
  4021 | D:4      | Found a deep blue altar of Sif Muna.
  4027 | D:4      | Became a worshipper of Sif Muna the Loreminder
  4154 | D:4      | Noticed Sigmund
  4370 | D:4      | Reached XP level 7. HP: 35/40 MP: 11/11
  4429 | D:5      | Entered Level 5 of the Dungeon
  4623 | D:4      | Reached skill level 1 in Shields
  4623 | D:4      | Reached skill level 1 in Conjurations
  5268 | D:5      | Reached XP level 8. HP: 45/45 MP: 13/13
  5278 | D:5      | Learned a level 5 spell: Lee's Rapid Deconstruction
  5361 | D:5      | Reached * piety under Sif Muna
  5431 | D:5      | Reached skill level 4 in Spellcasting
  5806 | D:6      | Noticed Uberwunderbarhen's ghost (novice OpTm)
  6197 | D:6      | Reached XP level 9. HP: 41/51 MP: 9/16
  6261 | D:6      | Found a burning altar of Makhleb.
  6300 | D:6      | Reached skill level 5 in Spellcasting
  6379 | D:6      | Reached skill level 5 in Dodging
  6396 | D:6      | Noticed Grinder
  6450 | D:6      | Found an oddly glowing altar of Pakellas.
  6589 | D:6      | Reached ** piety under Sif Muna
  7173 | D:6      | Found a stormy altar of Qazlal.
  7421 | D:7      | Found a staircase to the Ecumenical Temple.
  7946 | D:6      | Killed Grinder
  8214 | D:4      | Reached skill level 5 in Conjurations
  8374 | D:4      | Killed Sigmund
  8506 | D:4      | Reached skill level 6 in Spellcasting
  8726 | D:7      | Reached XP level 10. HP: 52/56 MP: 17/19
  9117 | D:7      | Learned a level 3 spell: Conjure Flame
  9121 | D:7      | Learned a level 3 spell: Mephitic Cloud
  9134 | D:7      | Reached *** piety under Sif Muna
  9136 | D:7      | Reached skill level 1 in Invocations
  9420 | D:7      | Found an iron altar of Okawaru.
  9498 | D:7      | Noticed Prince Ribbit
  9510 | D:7      | Killed Prince Ribbit
 10232 | D:8      | Found an iron altar of Okawaru.
 10255 | D:8      | Noticed Erica
 10267 | D:8      | Killed Erica
 10267 | D:8      | Reached skill level 7 in Spellcasting
 10504 | D:8      | Found a shattered altar of Ashenzari.
 10639 | D:8      | Reached **** piety under Sif Muna
 10719 | D:8      | Noticed Maurice
 10769 | D:8      | Killed Maurice
 11156 | D:9      | Found a staircase to the Orcish Mines.
 11217 | D:9      | Reached XP level 11. HP: 58/62 MP: 18/22
 11511 | D:9      | Found a bloodstained altar of Trog.
 11706 | D:9      | Reached skill level 10 in Earth Magic
 11817 | D:9      | Found a glowing silver altar of Zin.
 12053 | D:9      | Got a crystal flail
 12054 | D:9      | Identified the +5 flail of Strategic Superiority {crush, *Contam Int+3 SInv} (You found it on level 9 of the Dungeon)
 12168 | D:10     | Entered Level 10 of the Dungeon
 12712 | D:10     | Reached ***** piety under Sif Muna
 13022 | D:10     | Reached skill level 8 in Spellcasting
 13326 | D:11     | Found a staircase to the Lair.
 13485 | D:11     | Reached skill level 5 in Stealth
 13625 | D:10     | Killed an unseen horror
 13850 | Lair:1   | Entered Level 1 of the Lair of Beasts
 13916 | D:11     | Noticed a manticore
 13925 | D:11     | Killed a manticore
 14980 | D:11     | Gained mutation: You are resistant to hostile enchantments. [mutagenic meat]
 14981 | D:11     | Gained mutation: You are agile. (Dex +2) [mutagenic meat]
 15318 | Lair:1   | Reached skill level 5 in Fighting
 15399 | Lair:1   | Reached XP level 12. HP: 68/68 MP: 24/24
 16036 | Lair:2   | Noticed a four-headed hydra
 16039 | Lair:2   | Killed a four-headed hydra
 16256 | Lair:2   | Reached skill level 9 in Spellcasting
 16677 | Lair:3   | Found a dark tunnel.
 16691 | Lair:3   | Learned a level 2 spell: Shroud of Golubria
 16695 | Lair:3   | Learned a level 3 spell: Regeneration
 16696 | Volcano  | Entered a volcano
 16715 | Volcano  | Found a radiant altar of Vehumet.
 16720 | Volcano  | Noticed Nessos
 16746 | Volcano  | Killed Nessos
 16927 | Lair:3   | Found a staircase to the Swamp.
 17049 | Lair:3   | Reached ****** piety under Sif Muna
 17075 | Lair:3   | Received a gift from Sif Muna
 17076 | Lair:3   | Reached skill level 5 in Invocations
 17081 | Lair:3   | Identified Sif Muna's Almanac of Attacks (Sif Muna gifted it to you on level 3 of the Lair of Beasts)
 17088 | Lair:3   | Learned a level 5 spell: Bolt of Magma
 17138 | Lair:3   | Found a staircase to the Snake Pit.
 18201 | Lair:4   | Reached XP level 13. HP: 72/72 MP: 13/26
 18591 | Lair:5   | Found a labyrinth entrance.
 18643 | Lab      | Entered a labyrinth
 19368 | Lab      | Noticed a minotaur
 19380 | Lab      | Killed a minotaur
 19380 | Lab      | Reached skill level 1 in Transmutations
 19391 | Lab      | Identified Sif Muna's Guide on Envenoming
 19394 | Lab      | Identified the Papyrus of Curses
 19807 | Lair:5   | Reached skill level 1 in Armour
 19911 | Lair:5   | Reached skill level 5 in Maces & Flails
 19911 | Lair:5   | Reached skill level 10 in Spellcasting
 20613 | Lair:6   | Reached skill level 1 in Fire Magic
 20783 | Lair:6   | Received a gift from Sif Muna
 20784 | Lair:6   | Identified Sif Muna's Collected Works on Creative Attacks (Sif Muna gifted it to you on level 6 of the Lair of Beasts)
 21226 | Lair:6   | Noticed Rupert
 21279 | Lair:6   | Paralysed by Rupert for 5 turns
 21287 | Lair:6   | Paralysed by Rupert for 6 turns
 21296 | Lair:6   | Killed Rupert
 21649 | Lair:6   | Gained mutation: Your flesh is heat resistant. [potion of beneficial mutation]
 21918 | Lair:7   | Gained mutation: Your large and strong wings let you fly indefinitely. [Gargoyle growth]
 21918 | Lair:7   | Reached XP level 14. HP: 42/78 MP: 1/28
 22220 | Lair:7   | Reached skill level 10 in Conjurations
 22239 | Lair:7   | Found a staircase to the Slime Pits.
 22556 | Lair:7   | Learned a level 5 spell: Fireball
 22629 | Lair:8   | Entered Level 8 of the Lair of Beasts
 22705 | Lair:8   | Reached skill level 11 in Spellcasting
 23017 | Lair:8   | Noticed CcS's ghost (journeyman MiBe)
 23671 | Lair:8   | Received a gift from Sif Muna
 23725 | Lair:8   | Reached skill level 5 in Armour
 23873 | Lair:8   | Reached skill level 1 in Charms
 24044 | Lair:8   | Lost mutation: Your flesh is heat resistant. [potion of mutation]
 24044 | Lair:8   | Gained mutation: Your natural rate of healing is unusually fast. [potion of mutation]
 24556 | Swamp:1  | Entered Level 1 of the Swamp
 25207 | Swamp:1  | Got a pair of distressingly furry gloves
 25218 | Swamp:1  | Identified the cursed +0 pair of gloves "Hypseivith" {*Corrode rN+ MR+} (You found it on level 1 of the Swamp)
 25434 | Swamp:2  | Noticed a thorn hunter
 25439 | Swamp:2  | Killed a thorn hunter
 25617 | Swamp:1  | Reached skill level 1 in Translocations
 25741 | Swamp:2  | Noticed Frances
 25855 | Swamp:2  | Noticed Jorgrun
 25859 | Swamp:1  | Reached XP level 15. HP: 84/84 MP: 15/30
 26111 | Orc:1    | Entered Level 1 of the Orcish Mines
 26156 | Orc:1    | Found Aqit's Assorted Antiques.
 26162 | Orc:1    | Bought a scroll labeled TUULISHOAWU for 23 gold pieces
 26162 | Orc:1    | Bought an embroidered robe for 16 gold pieces
 26264 | Orc:1    | Reached skill level 1 in Poison Magic
 26406 | Orc:1    | Noticed an orc warlord
 26509 | Orc:1    | Killed an orc warlord
 26738 | Orc:1    | Found a roughly hewn altar of Beogh.
 27192 | Orc:2    | Entered Level 2 of the Orcish Mines
 27194 | Orc:2    | Found Upnaev's Assorted Antiques.
 28385 | Orc:2    | Found Ownyuc's General Store.
 28386 | Orc:2    | Found Giroetuj's Magic Scroll Shoppe.
 28447 | Orc:2    | Bought a scroll of acquirement for 884 gold pieces
 28456 | Orc:2    | Got an encrusted hat
 28467 | Orc:2    | Identified the +0 hat "Laenutt" {rPois MR+++ Stlth-} (You acquired it on level 2 of the Orcish Mines)
 28557 | Orc:2    | Received a gift from Sif Muna
 28558 | Orc:2    | Identified Sif Muna's Incunabulum of Orientation and the Escort (Sif Muna gifted it to you on level 2 of the Orcish Mines)
 28702 | Orc:2    | Reached skill level 1 in Air Magic
 28915 | Orc:2    | Found a staircase to the Elven Halls.
 29292 | Orc:2    | Found a roughly hewn altar of Beogh.
 29417 | Orc:2    | Reached skill level 5 in Fire Magic
 29765 | Orc:2    | Found Xumpasev's Antique Weapon Boutique.
 29765 | Orc:2    | Found Rumoew's Gadget Shop.
 29766 | Orc:2    | Found a one-way gate leading to the halls of Pandemonium.
 30805 | Swamp:2  | Noticed Aizul
 31015 | Swamp:2  | Reached skill level 1 in Necromancy
 31110 | Swamp:2  | Killed Jorgrun
 31110 | Swamp:2  | Reached XP level 16. HP: 48/89 MP: 3/31
 31875 | Swamp:2  | Killed Frances
 32217 | Swamp:2  | Reached skill level 12 in Spellcasting
 32372 | Swamp:2  | Reached skill level 15 in Earth Magic
 32760 | Swamp:2  | Killed Aizul
 33260 | Orc:2    | Received a gift from Sif Muna
 33303 | Orc:2    | Identified Lehudib's Papyrus of Attacks and Stones (Sif Muna gifted it to you on level 2 of the Orcish Mines)
 33334 | Orc:2    | Learned a level 2 spell: Repel Missiles
 33388 | Orc:2    | Bought a faintly glowing rapier for 297 gold pieces
 33388 | Orc:2    | Identified the +8 rapier "Sinairgh" {pierce, rElec rPois} (You bought it in a shop on level 2 of the Orcish Mines)
 33420 | Orc:2    | Bought a scroll of identify for 34 gold pieces
 33420 | Orc:2    | Bought a scroll of identify for 34 gold pieces
 33420 | Orc:2    | Bought a scroll of identify for 34 gold pieces
 33420 | Orc:2    | Bought a scroll of identify for 34 gold pieces
 33439 | Elf:1    | Entered Level 1 of the Elven Halls
 33475 | Elf:1    | Upgraded the game from 0.18.1-2-ga659475 to 0.18.1-5-g4a78601
 34038 | Elf:1    | Noticed Roxanne
 34043 | Elf:1    | Killed Roxanne
 34071 | Elf:1    | Cast into level 3 of the Abyss (a deep elf sorcerer)
 34184 | Elf:1    | Escaped the Abyss
 34227 | Elf:1    | Identified Roxanne's Volume of Changing (You took it off Roxanne on level 1 of the Elven Halls)
 34809 | Elf:2    | Reached XP level 17. HP: 95/95 MP: 27/33
 34832 | Elf:2    | Found Wueteaph's Assorted Antiques.
 34934 | Elf:2    | Found a runed gate.
 34935 | Elf:2    | Found a runed gate.
 34936 | Elf:2    | Found a runed gate.
 35255 | Elf:2    | Identified the Compendium of the Freezing Escort
 35262 | Elf:2    | Learned a level 5 spell: Iskenderun's Battlesphere
 35264 | Elf:2    | Learned a level 1 spell: Magic Dart
 35609 | Elf:2    | Noticed a deep elf blademaster
 36090 | Elf:2    | Received a gift from Sif Muna
 36091 | Elf:2    | Identified Sif Muna's Disquisition on Flying Cold (Sif Muna gifted it to you on level 2 of the Elven Halls)
 36155 | Elf:2    | Reached skill level 10 in Dodging
 36185 | Elf:2    | Reached skill level 5 in Shields
 36351 | Elf:2    | Noticed Nikola
 36386 | Elf:2    | Cast into level 2 of the Abyss (halberd of distortion)
 36424 | Abyss:3  | Found a corrupted altar of Lugonu.
 36501 | Abyss:3  | Noticed a tentacled starspawn
 36561 | Abyss:3  | Noticed a tentacled starspawn
 36577 | Abyss:3  | Noticed a tentacled starspawn
 36585 | Abyss:3  | Found a corrupted altar of Lugonu.
 36745 | Abyss:3  | Noticed a tentacled starspawn
 36797 | Abyss:3  | Killed a tentacled starspawn
 36893 | Abyss:3  | Noticed a tentacled starspawn
 36914 | Abyss:3  | Killed a tentacled starspawn
 37046 | Abyss:3  | Noticed a tentacled monstrosity
 37069 | Abyss:3  | Killed a tentacled monstrosity
 37159 | Elf:2    | Escaped the Abyss
 37367 | Elf:2    | Killed a deep elf blademaster
 37601 | Elf:2    | Killed Nikola
 37601 | Elf:2    | Reached skill level 10 in Armour
 38738 | Swamp:3  | Reached XP level 18. HP: 101/101 MP: 10/34
 39186 | Lair:3   | Learned a level 2 spell: Blink
 39190 | Lair:3   | Learned a level 3 spell: Ozocubu's Armour
 39315 | Swamp:3  | Received a gift from Sif Muna
 39316 | Swamp:3  | Identified Sif Muna's Tome of Lethal Slavery (Sif Muna gifted it to you on level 3 of the Swamp)
 39507 | Swamp:3  | Reached skill level 13 in Spellcasting
 39509 | Swamp:3  | Reached skill level 1 in Ice Magic
 39732 | Swamp:4  | Entered Level 4 of the Swamp
 41725 | Swamp:4  | Got a decaying rune of Zot
 42205 | Snake:1  | Entered Level 1 of the Snake Pit
 43657 | Snake:1  | Received a gift from Sif Muna
 43661 | Snake:1  | Learned a level 1 spell: Animate Skeleton
 43739 | Snake:1  | Learned a level 7 spell: Delayed Fireball
 43876 | Snake:2  | Found a frozen archway.
 44029 | IceCv    | Entered an ice cave
 44183 | IceCv    | Reached skill level 5 in Charms
 45052 | IceCv    | Got a faintly glowing longbow
 45053 | IceCv    | Identified the +10 longbow of Sodebiz {venom, MR- MP-9 Str+9 SInv} (You found it in an ice cave)
 45517 | Snake:2  | Reached XP level 19. HP: 105/105 MP: 26/36
 46416 | Snake:3  | Gained mutation: Your mind is acute. (Int +2) [mutagenic meat]
 46880 | Snake:3  | Noticed Vashnia
 46888 | Snake:3  | Noticed Asterion
 47044 | Snake:3  | Noticed Kirke
 47048 | Snake:3  | Killed Kirke
 47048 | Snake:3  | Received a gift from Sif Muna
 47049 | Snake:3  | Identified Sif Muna's Grimoire of Sinister Flight (Sif Muna gifted it to you on level 3 of the Snake Pit)
 47055 | Snake:3  | Learned a level 4 spell: Iskenderun's Mystic Blast
 47286 | Snake:3  | Killed Vashnia
 47606 | Snake:3  | Killed Asterion
 47768 | Snake:4  | Entered Level 4 of the Snake Pit
 49024 | Snake:4  | Reached skill level 15 in Conjurations
 49288 | Snake:4  | Reached XP level 20. HP: 104/111 MP: 25/37
 49362 | Snake:4  | Reached skill level 14 in Spellcasting
 50122 | Snake:4  | Got a serpentine rune of Zot
 50504 | Snake:4  | Got a polished ring mail
 50505 | Snake:4  | Identified the +3 ring mail "Hoenid" {*Confuse rElec rC+++ MP+9} (You found it on level 4 of the Snake Pit)
 50871 | D:12     | Found Yliog's Armour Shop.
 50874 | D:12     | Bought a +0 buckler of resistance for 346 gold pieces
 50911 | D:12     | Got a transparent blowgun
 50912 | D:12     | Identified the +12 blowgun "Giantslayer" {evade, rElec rF+ SInv} (You found it on level 12 of the Dungeon)
 50918 | D:12     | Learned a level 1 spell: Apportation
 51359 | D:12     | Noticed Sonja
 51361 | D:12     | Killed Sonja
 51645 | D:13     | Found Yteteynu's Antique Weapon Emporium.
 51648 | D:13     | Bought a shimmering dagger for 217 gold pieces
 51648 | D:13     | Identified the +7 dagger of Sewitt {elec, Int+5 Dex+3} (You bought it in a shop on level 13 of the Dungeon)
 52160 | D:13     | Gained mutation: You are robust (+10% HP). [potion of beneficial mutation]
 52254 | D:13     | Found a gate to the Vaults.
 52616 | Vaults:1 | Entered Level 1 of the Vaults
 52750 | Vaults:1 | Received a gift from Sif Muna
 52774 | Vaults:1 | Identified Sif Muna's Papyrus of Combat Magic and the Blaze (Sif Muna gifted it to you on level 1 of the Vaults)
 54254 | Vaults:1 | Reached XP level 21. HP: 118/128 MP: 28/39
 54331 | Vaults:1 | Reached skill level 1 in Evocations
 54391 | Vaults:2 | Found Jasobof's Weapon Shop.
 54689 | Vaults:2 | Reached skill level 15 in Spellcasting
 55265 | Vaults:2 | Cast into level 2 of the Abyss (a deep elf sorcerer)
 55330 | Abyss:2  | Gained mutation: You have sharp fingernails. [potion of beneficial mutation]
 55492 | Abyss:2  | Found an oddly glowing altar of Pakellas.
 55544 | Abyss:5  | Entered Level 5 of the Abyss
 55549 | Abyss:5  | Found a corrupted altar of Lugonu.
 55606 | Vaults:2 | Escaped the Abyss
 55928 | Vaults:2 | Received a gift from Sif Muna
 55949 | Vaults:2 | Identified Sif Muna's Grimoire of Arcane Weapons (Sif Muna gifted it to you on level 2 of the Vaults)
 55954 | Vaults:2 | Learned a level 3 spell: Dazzling Spray
 56292 | Vaults:2 | Noticed Sojobo
 56313 | Vaults:2 | Killed Sojobo
 57202 | Vaults:3 | Noticed Norris
 57220 | Vaults:3 | Killed Norris
 57427 | Vaults:3 | Reached XP level 22. HP: 136/136 MP: 2/41
 57967 | Vaults:3 | Found a staircase to the Crypt.
 57974 | Vaults:3 | Reached skill level 10 in Fire Magic
 58046 | Crypt:1  | Entered Level 1 of the Crypt
 58507 | Crypt:1  | Got a steaming leather armour
 58508 | Crypt:1  | Identified the +1 leather armour of Peek-a-Boo {MP+9} (You found it on level 1 of the Crypt)
 58557 | Crypt:1  | Reached skill level 16 in Spellcasting
 58576 | Crypt:1  | Noticed Jory
 58972 | Crypt:1  | Received a gift from Sif Muna
 58974 | Crypt:1  | Identified Sif Muna's Guide on Orientation and Confrontation (Sif Muna gifted it to you on level 1 of the Crypt)
 59891 | Crypt:2  | Reached skill level 10 in Shields
 60575 | Crypt:3  | Entered Level 3 of the Crypt
 61496 | Crypt:3  | Noticed an ancient lich
 62506 | Crypt:3  | Reached skill level 15 in Armour
 62839 | Crypt:3  | Got a brightly glowing morningstar {crush}
 62854 | Crypt:3  | Identified the +7 morningstar "Woabime" {crush, Str+4} (You took it off a hell knight on level 3 of the Crypt)
 63043 | Crypt:3  | Killed an ancient lich
 63151 | Crypt:3  | Reached XP level 23. HP: 141/141 MP: 22/43
 63193 | Crypt:3  | Got a coiled platinum ring
 63194 | Crypt:3  | Identified the ring of the Garden {rElec rN+} (You took it off a hell knight on level 3 of the Crypt)
 63197 | Crypt:3  | Got a heavily runed iron ring
 63205 | Crypt:3  | Identified the ring of Zasex {rElec rN+} (You took it off a necromancer on level 3 of the Crypt)
 63279 | Crypt:3  | Noticed Wiglaf
 63497 | Crypt:3  | Killed Wiglaf
 63590 | Crypt:3  | Found a basalt altar of Yredelemnul.
 63638 | Crypt:3  | Received a gift from Sif Muna
 63668 | Crypt:3  | Identified Sif Muna's Almanac of the Fifty Souls (Sif Muna gifted it to you on level 3 of the Crypt)
 64727 | Crypt:3  | Found a staircase to the Tomb.
 64787 | Crypt:3  | Learned a level 4 spell: Force Lance
 65188 | Vaults:4 | Reached skill level 17 in Spellcasting
 65578 | Vaults:4 | Noticed Donald
 65586 | Vaults:4 | Killed Donald
 65694 | Vaults:4 | Found a portal to a secret trove of treasure.
 66075 | Orc:2    | Bought a potion of curing for 81 gold pieces
 66455 | Vaults:4 | You paid a toll of 17 potions of curing to enter a treasure trove
 66456 | Trove    | Entered a treasure trove
 66499 | Trove    | Got a translucent pewter ring
 66522 | Trove    | Got an ancient eveningstar
 66535 | Trove    | Got a warped eveningstar
 66544 | Trove    | Got a fine scale mail
 66557 | Trove    | Got a brightly glowing plate armour
 66580 | Trove    | Identified the +3 eveningstar of Xoat {speed, MR+} (You found it in a treasure trove)
 66582 | Trove    | Identified the +9 eveningstar "Killer Bee's Curse" {freeze, MR- Str+5} (You found it in a treasure trove)
 66583 | Trove    | Identified the ring "Kyazuket" {Fragile +Blink MP+9 Dex+3 SInv} (You found it in a treasure trove)
 66612 | Trove    | Got an ichor-stained morningstar
 66613 | Trove    | Identified the +3 morningstar "Trog's Anger" {antimagic, Int+4} (You found it in a treasure trove)
 66627 | Trove    | Got a smelly ring mail
 66640 | Trove    | Identified the +5 ring mail of Nesyphuh {Int+5} (You found it in a treasure trove)
 67026 | Orc:1    | Bought 2 scrolls of identify for 92 gold pieces
 67026 | Orc:1    | Identified the cursed +0 scale mail of Midwinter {-Tele Str+4 Int+5} (You found it in a treasure trove)
 67028 | Orc:1    | Identified the +1 plate armour "Veib" {Dex+3} (You found it in a treasure trove)
 68601 | D:14     | Reached skill level 10 in Maces & Flails
 69029 | D:14     | Found a shattered altar of Ashenzari.
 69079 | D:14     | Learned a level 5 spell: Bolt of Draining
 69398 | D:15     | Entered Level 15 of the Dungeon
 69527 | D:15     | Found a staircase to the Depths.
 69550 | D:15     | Found a shadowy altar of Dithmenos.
 69790 | D:15     | Found an opulent altar of Gozag.
 69889 | D:15     | Reached XP level 24. HP: 149/149 MP: 11/44
 69891 | D:15     | Received a gift from Sif Muna
 69904 | D:15     | Learned a level 4 spell: Animate Dead
 70021 | D:15     | Found Koaxky's Antique Armour Boutique.
 70029 | D:15     | Bought a glowing helmet for 171 gold pieces
 70569 | Depths:1 | Entered Level 1 of the Depths
 70999 | Depths:1 | Found a gateway to Hell.
 71130 | Depths:1 | Reached skill level 10 in Stealth
 72517 | Depths:2 | Reached skill level 18 in Spellcasting
 72559 | Depths:2 | Found a glowing golden altar of the Shining One.
 72894 | Depths:3 | Reached skill level 10 in Fighting
 73178 | Depths:3 | Received a gift from Sif Muna
 73179 | Depths:3 | Identified Arafaesa's Incunabulum of the Rocks and Orientation (Sif Muna gifted it to you on level 3 of the Depths)
 73668 | Depths:3 | Reached skill level 5 in Necromancy
 74007 | Depths:3 | Reached XP level 25. HP: 130/156 MP: 6/45
 74421 | Depths:4 | Found Keker's Food Boutique.
 74495 | Depths:4 | Found a gateway to a ziggurat.
 74935 | Depths:4 | Found a one-way gate to the infinite horrors of the Abyss.
 75091 | Depths:4 | Got a slimy buckler
 75102 | Depths:4 | Identified the +0 buckler of Hide-and-Seek {Int+4} (You acquired it on level 4 of the Depths)
 75489 | Depths:4 | Got a warped dagger
 75490 | Depths:4 | Identified the +4 dagger "Aceinet" {vamp, *Noise Dex+5 Stlth+} (You found it on level 4 of the Depths)
 75900 | Depths:4 | Received a gift from Sif Muna
 75901 | Depths:4 | Identified Sif Muna's Collected Works on Creative Bewitchment (Sif Muna gifted it to you on level 4 of the Depths)
 75905 | Depths:4 | Learned a level 2 spell: Swiftness
 76325 | Elf:3    | Entered Level 3 of the Elven Halls
 77379 | Elf:3    | Reached skill level 19 in Spellcasting
 77482 | Elf:3    | Got a sparkling golden ring
 77483 | Elf:3    | Identified the ring "Cikhlum" {+Fly rElec rPois rC- Int+10} (You found it on level 3 of the Elven Halls)
 77499 | Elf:3    | Got a faintly glowing hand axe
 77500 | Elf:3    | Identified the cursed +1 hand axe "Geathry" {chop, rElec MP+9 Dex+3} (You found it on level 3 of the Elven Halls)
 77592 | Elf:3    | Got an uncursed smoking flail {speed}
 77593 | Elf:3    | Identified the +4 flail of Greed {speed, rC+ rN+ Str+4} (You took it off a deep elf archer on level 3 of the Elven Halls)
 77650 | Elf:3    | Got a bloodstained quarterstaff {venom}
 77651 | Elf:3    | Identified the +3 quarterstaff "Banumoc" {venom, Int+2 Dex+4} (You took it off a deep elf mage on level 3 of the Elven Halls)
 78384 | Depths:5 | Entered Level 5 of the Depths
 78496 | Depths:5 | Received a gift from Sif Muna
 78497 | Depths:5 | Identified Sif Muna's Handbook of Hurtful Lightness (Sif Muna gifted it to you on level 5 of the Depths)
 78751 | Depths:5 | Reached XP level 26. HP: 111/162 MP: 3/46
 78871 | Depths:5 | Found Laelorus's Serpentskin Sales.
 79007 | Depths:5 | Found a gate to the Realm of Zot.
 79210 | Depths:5 | Learned a level 4 spell: Sticky Flame
 79403 | Depths:5 | Cast into level 3 of the Abyss (spriggan berserker)
 79409 | Abyss:4  | Found a corrupted altar of Lugonu.
 79579 | Abyss:4  | Found a corrupted altar of Lugonu.
 79969 | Abyss:4  | Found a corrupted altar of Lugonu.
 80049 | Abyss:5  | Entered Level 5 of the Abyss
 80074 | Depths:5 | Escaped the Abyss
 80553 | Vaults:3 | Received a gift from Sif Muna
 80629 | Vaults:3 | Identified Sif Muna's Volume of Confrontation and Flight (Sif Muna gifted it to you on level 3 of the Vaults)
 80724 | Vaults:5 | Entered Level 5 of the Vaults
 81233 | Vaults:5 | Noticed Xtahua
 81713 | Vaults:4 | Reached skill level 20 in Spellcasting
 81782 | Vaults:4 | Received a gift from Sif Muna
 81784 | Vaults:4 | Identified Sif Muna's Tome of Quantum Confrontation (Sif Muna gifted it to you on level 4 of the Vaults)
 81851 | Vaults:4 | Killed Xtahua
 82328 | Vaults:4 | Reached XP level 27. HP: 170/170 MP: 39/47
 83223 | Vaults:5 | Received a gift from Sif Muna
 83226 | Vaults:5 | Identified Sif Muna's Compendium of Weightlessness and Confrontation (Sif Muna gifted it to you on level 5 of the Vaults)
 83230 | Vaults:5 | Got a shimmering trident {pierce}
 83231 | Vaults:5 | Identified the +4 trident of the Crypt {pierce, rElec MR+ Int+2 Dex+3} (You took it off a deep elf elementalist on level 5 of the Vaults)
 83355 | Vaults:5 | Identified Iclostrocw's Disquisition on the Frostbite and Lightness
 83466 | Vaults:5 | Got a faintly glowing marble ring
 83467 | Vaults:5 | Identified the ring "Woqex" {Int+7 Slay-4 Stlth-} (You found it on level 5 of the Vaults)
 83865 | Vaults:5 | Got a silver rune of Zot
 83883 | Vaults:5 | Identified a +9 rod of inaccuracy (10/10) (You found it on level 5 of the Vaults)
 85837 | Zot:1    | Entered Level 1 of the Realm of Zot
 86151 | Zot:1    | Found a huge runed gate.
 86151 | Zot:1    | Found a huge runed gate.
 86151 | Zot:1    | Found a huge runed gate.
 86151 | Zot:1    | Found a huge runed gate.
 86151 | Zot:1    | Found a huge runed gate.
 86155 | Zot:1    | Found a huge runed gate.
 86155 | Zot:1    | Found a huge runed gate.
 86155 | Zot:1    | Found a huge runed gate.
 86156 | Zot:1    | Found a huge runed gate.
 86162 | Zot:1    | Found a huge runed gate.
 86162 | Zot:1    | Found a huge runed gate.
 86162 | Zot:1    | Found a huge runed gate.
 86481 | Zot:1    | Received a gift from Sif Muna
 86641 | Zot:1    | Found a huge runed gate.
 86642 | Zot:1    | Found a huge runed gate.
 86642 | Zot:1    | Found a huge runed gate.
 86642 | Zot:1    | Found a huge runed gate.
 86642 | Zot:1    | Found a huge runed gate.
 86642 | Zot:1    | Found a huge runed gate.
 86643 | Zot:1    | Found a huge runed gate.
 86643 | Zot:1    | Found a huge runed gate.
 86644 | Zot:1    | Found a huge runed gate.
 86645 | Zot:1    | Found a huge runed gate.
 86646 | Zot:1    | Found a huge runed gate.
 86647 | Zot:1    | Found a huge runed gate.
 86648 | Zot:1    | Found a huge runed gate.
 86649 | Zot:1    | Found a huge runed gate.
 86650 | Zot:1    | Found a huge runed gate.
 86658 | Zot:1    | Found a huge runed gate.
 86658 | Zot:1    | Found a huge runed gate.
 86658 | Zot:1    | Found a huge runed gate.
 86658 | Zot:1    | Found a huge runed gate.
 86658 | Zot:1    | Found a huge runed gate.
 86658 | Zot:1    | Found a huge runed gate.
 86666 | Zot:1    | Found a huge runed gate.
 86667 | Zot:1    | Found a huge runed gate.
 86671 | Zot:1    | Found a huge runed gate.
 87195 | Zot:1    | Noticed an orb of fire
 87196 | Zot:1    | Noticed an orb of fire
 87273 | Zot:2    | Reached skill level 21 in Spellcasting
 87362 | Zot:3    | Learned a level 4 spell: Control Undead
 87456 | Zot:5    | Entered Level 5 of the Realm of Zot
 87481 | Zot:3    | Noticed IjonTichy1's ghost (legendary SpAr)
 87546 | Zot:5    | Noticed an ancient lich
 87803 | Zot:5    | Noticed an ancient lich
 87858 | Zot:4    | Killed an ancient lich
 87982 | Zot:4    | Killed an ancient lich
 88042 | Zot:5    | Received a gift from Sif Muna
 88302 | Zot:5    | Noticed an orb of fire
 88374 | Zot:4    | Lost mutation: Your mind is acute. (Int +2) [an orb of fire]
 88384 | Zot:4    | Killed an orb of fire
 88692 | Zot:5    | Noticed an orb of fire
 88730 | Zot:5    | Gained mutation: You are weak. (Str -2) [an orb of fire]
 88735 | Zot:5    | Noticed an ancient lich
 88745 | Zot:5    | Gained mutation: Scrolls take you a little longer to read. [an orb of fire]
 88745 | Zot:5    | Cast into level 3 of the Abyss (red draconian)
 88745 | Abyss:3  | Found a corrupted altar of Lugonu.
 89006 | Abyss:5  | Entered Level 5 of the Abyss
 89204 | Abyss:5  | Found a bloodstained altar of Trog.
 89677 | Abyss:5  | Found a deep blue altar of Sif Muna.
 89693 | Abyss:5  | Received a gift from Sif Muna
 89694 | Abyss:5  | Identified Sif Muna's Handbook of Earthen Curses (Sif Muna gifted it to you on level 5 of the Abyss)
 89697 | Abyss:5  | Identified the Incunabulum of the Rocks (You found it on level 5 of the Abyss)
 89700 | Abyss:5  | Identified the Compendium of Unholy Rituals
 89713 | Abyss:5  | Identified the Papyrus of the Creative Oath
 89715 | Zot:5    | Escaped the Abyss
 89729 | Zot:5    | Gained mutation: Scrolls take you longer to read. [an orb of fire]
 89735 | Zot:5    | Killed an orb of fire
 89744 | Zot:5    | Blown up by an ancient lich

Skill      XL: |  1  2  3  4  5  6  7  8  9 10 11 12 13 14 15 16 17 18 19 20 21 22 23 24 25 26 27 |
---------------+----------------------------------------------------------------------------------+-----
Earth Magic    | 4 5 6 7 8 9 10 12 13 14 15 16 17 18 19 20 | 20.3
Dodging        | 2 3 4 5 6 7 8 9 10 | 10.7
Fighting       | 1 2 3 4 5 6 7 8 9 10 11 | 11.7
Maces & Flails | 1 2 3 4 5 6 7 8 9 10 11 12 | 12.6
Spellcasting   | 3 4 6 7 8 9 10 11 12 13 14 15 16 17 18 19 20 21 | 21.6
Stealth        | 3 4 5 6 8 9 10 11 12 | 12.5
Shields        | 1 2 3 4 5 8 9 10 11 12 13 14 | 14.5
Conjurations   | 2 3 5 6 7 9 10 11 12 13 14 15 16 17 18 19 20 | 20.5
Invocations    | 2 4 5 7 8 |  8.0
Transmutations | 1 |  1.0
Armour         | 4 6 7 9 10 11 12 14 15 | 15.4
Fire Magic     | 1 3 5 7 8 9 10 11 12 | 12.2
Charms         | 1 2 3 5 6 |  6.0
Translocations | 1 |  1.3
Poison Magic   | 1 2 3 4 |  4.2
Air Magic      | 1 |  1.7
Necromancy     | 1 2 5 7 8 9 |  9.7
Ice Magic      | 3 |  3.6
Evocations     | 1 2 |  2.8
Throwing       | |  0.5

Action                   |  1- 3 |  4- 6 |  7- 9 | 10-12 | 13-15 | 16-18 | 19-21 | 22-24 | 25-27 || total
-------------------------+-------+-------+-------+-------+-------+-------+-------+-------+-------++-------
Melee: Club              |    75 |       |       |       |       |       |       |       |       ||    75
       Unarmed           |    11 |       |       |       |       |       |       |       |       ||    11
       Whip              |   106 |   233 |   106 |       |       |       |       |       |       ||   445
       Flail             |       |       |   282 |    47 |       |       |       |       |    67 ||   396
       Mace              |       |       |       |   644 |  1227 |  1121 |  1057 |  1789 |  1634 ||  7472
       Eveningstar       |       |       |       |       |       |       |       |    41 |       ||    41
       Hand axe          |       |       |       |       |       |       |       |       |     4 ||     4
 Fire: Blowgun           |       |       |       |       |       |    10 |       |       |       ||    10
Throw: Stone             |       |     3 |     1 |       |     5 |     1 |       |       |       ||    10
 Cast: Sandblast         |    23 |    43 |    25 |    37 |    23 |     4 |       |       |       ||   155
       Stone Arrow       |       |     1 |    56 |   211 |   286 |   215 |    61 |    51 |       ||   881
       Lee's Rapid Decon |       |       |     4 |    25 |   104 |    36 |    42 |   131 |   114 ||   456
       Conjure Flame     |       |       |       |     1 |       |       |       |       |       ||     1
       Bolt of Magma     |       |       |       |     6 |    73 |    50 |    81 |    90 |    72 ||   372
       Regeneration      |       |       |       |     5 |    45 |    20 |     5 |    12 |    46 ||   133
       Shroud of Golubri |       |       |       |     2 |    36 |    25 |     9 |     7 |    41 ||   120
       Mephitic Cloud    |       |       |       |       |    76 |    72 |   102 |    49 |    70 ||   369
       Passwall          |       |       |       |       |     5 |     3 |       |    27 |    42 ||    77
       Fireball          |       |       |       |       |    58 |   147 |   256 |   185 |   102 ||   748
       Repel Missiles    |       |       |       |       |       |     4 |     4 |     8 |    13 ||    29
       Magic Dart        |       |       |       |       |       |   273 |   208 |   174 |    94 ||   749
       Iskenderun's Batt |       |       |       |       |       |   122 |   133 |   128 |    75 ||   458
       Animate Skeleton  |       |       |       |       |       |     5 |   227 |    87 |    46 ||   365
       Iskenderun's Myst |       |       |       |       |       |       |    16 |    22 |    59 ||    97
       Delayed Fireball  |       |       |       |       |       |       |     7 |     2 |     7 ||    16
       Dazzling Spray    |       |       |       |       |       |       |     1 |    21 |       ||    22
       Apportation       |       |       |       |       |       |       |       |     1 |     1 ||     2
       Force Lance       |       |       |       |       |       |       |       |    22 |    78 ||   100
       Bolt of Draining  |       |       |       |       |       |       |       |   134 |   359 ||   493
       Animate Dead      |       |       |       |       |       |       |       |    42 |    92 ||   134
       Sticky Flame      |       |       |       |       |       |       |       |       |    63 ||    63
Invok: Channel Energy    |       |       |     9 |   178 |   417 |   384 |   627 |   312 |   351 ||  2278
       Forget Spell      |       |       |       |       |       |     1 |       |     2 |     1 ||     4
 Abil: Fly               |       |       |       |       |     1 |       |     1 |     2 |     2 ||     6
       Release Delayed F |       |       |       |       |       |       |     6 |     2 |     6 ||    14
       Stop Flying       |       |       |       |       |       |       |     1 |     2 |     2 ||     5
       Evoke Blink       |       |       |       |       |       |       |       |       |     1 ||     1
Evoke: Wand              |       |       |     2 |     4 |    15 |    11 |    44 |    14 |    27 ||   117
       Fan of gales      |       |       |       |       |       |       |       |     1 |     3 ||     4
       Lamp of fire      |       |       |       |       |       |       |       |       |     1 ||     1
       Phantom mirror    |       |       |       |       |       |       |       |       |     1 ||     1
  Use: Scroll            |     8 |     7 |     6 |    13 |    21 |    17 |    18 |    24 |    28 ||   142
       Potion            |       |     4 |     4 |     2 |     7 |    10 |     6 |     1 |    12 ||    46
 Stab: Sleeping          |     5 |     4 |     3 |    23 |     5 |     5 |     4 |    12 |     6 ||    67
       Distracted        |       |     1 |       |       |       |     1 |    25 |    28 |    33 ||    88
       Confused          |       |       |       |       |    21 |    22 |    51 |    40 |    45 ||   179
       Invisible         |       |       |       |       |       |       |       |     2 |       ||     2
  Eat: Chunk             |     4 |     8 |    16 |    62 |   123 |    80 |   143 |    80 |    88 ||   604
       Pizza             |       |       |     1 |       |     6 |     7 |     1 |     2 |       ||    17
       Beef jerky        |       |       |     1 |     1 |       |     7 |     2 |     9 |     5 ||    25
       Royal jelly       |       |       |       |     1 |       |       |     1 |       |       ||     2
       Fruit             |       |       |       |       |     4 |       |       |       |       ||     4
       Bread ration      |       |       |       |       |     1 |     5 |     1 |     2 |       ||     9
       Meat ration       |       |       |       |       |       |     3 |     2 |     2 |     3 ||    10
Armor: Robe              |    70 |   104 |   151 |   326 |       |       |       |       |       ||   651
       Skin              |       |    13 |       |       |       |       |       |       |       ||    13
       Leather armour    |       |       |       |       |   831 |   605 |   392 |   373 |       ||  2201
       Ring mail         |       |       |       |       |       |       |       |   447 |  1197 ||  1644
Dodge: Dodged            |   142 |   159 |   273 |   593 |  1318 |   897 |   855 |  1635 |  1937 ||  7809
       Deflected         |       |       |       |       |       |    22 |    62 |    44 |    70 ||   198
Block: Buckler           |     2 |    46 |    69 |   177 |   434 |   306 |   371 |  1122 |  1312 ||  3839
       Shield            |       |       |       |       |       |       |   226 |       |       ||   226
